 Dungeon Crawl Stone Soup version 0.26-a0-1132-ge9770dfcb6 (webtiles) character file.

Game seed: 10438013330496836882

79817 HoaS the Bludgeoner (level 15, -1/99 HPs)
             Began as a Gargoyle Fighter on Dec 19, 2020.
             Was the Champion of Makhleb.
             Slain by an orc warlord
             ... wielding a +2 war axe of flaming
              (2 damage)
             ... on level 1 of the Orcish Mines.
             The game lasted 01:00:32 (18572 turns).

HoaS the Bludgeoner (Gargoyle Fighter)             Turns: 18572, Time: 01:00:33

Health: -1/99      AC: 34    Str: 27 (28) XL:     15   Next: 64%
Magic:  15/15      EV: 21    Int: 11 (16) God:    Makhleb [******]
Gold:   1365       SH: 23    Dex: 11      Spells: 14/14 levels left

rFire    . . .     SeeInvis .   n - +2 morningstar "Beetleslayer" {flame, Will++ Str+4 Int+4} (curse)
rCold    + . .     Faith    .   j - +2 tower shield {rC+}
rNeg     + . .     Spirit   .   E - +1 acid dragon scales
rPois    ∞         Reflect  .   H - +2 helmet {Int+3}
rElec    +         Harm     .   q - +2 cloak
rCorr    +         Rampage  .   o - +2 pair of gloves (curse)
Will     +++..                  e - +2 pair of boots
Stlth    +.........             O - amulet of regeneration
HPRegen  0.66/turn              k - +4 ring of evasion
MPRegen  0.14/turn              N - +4 ring of evasion

@: flying
A: big wings, deterioration 1, negative energy resistance 1, electricity
resistance, unbreathing, petrification resistance, miasma immunity, AC +11
a: Stop Flying, Renounce Religion, Minor Destruction, Lesser Servant of Makhleb,
Major Destruction, Greater Servant of Makhleb


You were on level 1 of the Orcish Mines.
You worshipped Makhleb.
Makhleb was exalted by your worship.
You visited 4 branches of the dungeon, and saw 20 of its levels.
You visited 1 bazaar.
You also visited: Ice Cave.

You collected 1917 gold pieces.
You spent 552 gold pieces at shops.

Inventory:

Hand Weapons
 n - the cursed +2 morningstar "Beetleslayer" (weapon) {flame, Will++ Str+4 Int+4}
   (You found it on level 1 of the Lair of Beasts)

   It has been specially enchanted to burn those struck by it, causing extra
   injury to most foes and up to half again as much damage against particularly
   susceptible opponents.
   It affects your strength (+4).
   It affects your intelligence (+4).
   It affects your willpower, your defense against some magical effects.
   It has a curse placed upon it.
Armour
 e - a +2 pair of boots (worn)
 j - a +2 tower shield of cold resistance (worn)
 o - a cursed +2 pair of gloves (worn)
 q - a +2 cloak (worn)
 E - +1 acid dragon scales (worn)
 H - a +2 helmet of intelligence (worn)
Jewellery
 f - an uncursed ring of ice
 i - a +6 ring of dexterity
 k - a +4 ring of evasion (left hand)
 r - an uncursed ring of positive energy
 z - an uncursed ring of stealth
 G - an uncursed ring of fire
 N - a +4 ring of evasion (right hand)
 O - an amulet of regeneration (around neck)
Wands
 b - a wand of random effects (17)
 d - a wand of acid (18) (quivered)
 t - a wand of digging (10)
 v - a wand of polymorph (11)
 x - a wand of flame (64)
 y - a wand of iceblast (27)
 A - a wand of paralysis (8)
 K - a wand of disintegration (12)
Scrolls
 m - 6 scrolls of remove curse
 B - 8 scrolls of teleportation
 C - 3 scrolls of enchant weapon
 D - 2 scrolls of fog
 I - 2 scrolls of fear
Potions
 a - 5 potions of resistance
 c - a potion of invisibility
 g - 9 potions of curing
 h - 2 potions of lignification
 l - 3 potions of cancellation
 s - 6 potions of berserk rage
 w - 3 potions of ambrosia
 F - 3 potions of mutation
 J - 4 potions of might
 L - a potion of haste
 M - a potion of attraction


   Skills:
 - Level 13.2 Fighting
 - Level 16.0 Maces & Flails
 - Level 10.0 Armour
 - Level 7.1 Dodging
 + Level 15.1 Shields


You had 14 spell levels left.
You didn't know any spells.
Your spell library contained the following spells:

 Spells                   Type           Power        Failure   Level
 Animate Skeleton         Necr           0%           83%         1
 Apportation              Tloc           0%           83%         1
 Beastly Appendage        Tmut           0%           83%         1
 Corona                   Hex            0%           83%         1
 Foxfire                  Conj/Fire      0%           83%         1
 Freeze                   Ice            0%           83%         1
 Sting                    Tmut/Pois      0%           83%         1
 Summon Small Mammal      Summ           0%           83%         1
 Ensorcelled Hibernation  Hex/Ice        0%           92%         2
 Poisonous Vapours        Pois/Air       0%           92%         2
 Slow                     Hex            0%           92%         2
 Wereblood                Tmut           0%           92%         2
 Confusing Touch          Hex            0%           99%         3
 Conjure Flame            Conj/Fire      0%           99%         3
 Dazzling Flash           Conj/Hex       0%           99%         3
 Frozen Ramparts          Ice            0%           99%         3
 Gell's Gravitas          Tloc           0%           99%         3
 Ignite Poison            Fire/Tmut/Pois 0%           99%         3
 Inner Flame              Hex/Fire       0%           99%         3
 Lesser Beckoning         Tloc           0%           99%         3
 Mephitic Cloud           Conj/Pois/Air  0%           99%         3
 Ozocubu's Armour         Ice            0%           99%         3
 Spider Form              Tmut/Pois      0%           99%         3
 Tukima's Dance           Hex            0%           99%         3
 Hailstorm                Conj/Ice       0%           100%        4
 Ice Form                 Ice/Tmut       0%           100%        4
 Olgreb's Toxic Radiance  Pois           0%           100%        4
 Petrify                  Tmut/Erth      0%           100%        4
 Sticky Flame             Conj/Fire      0%           100%        4
 Summon Ice Beast         Ice/Summ       0%           100%        4
 Alistair's Intoxication  Tmut/Pois      0%           100%        5
 Blade Hands              Tmut           0%           100%        5
 Fireball                 Conj/Fire      0%           100%        5
 Irradiate                Conj/Tmut      0%           100%        5
 Lightning Bolt           Conj/Air       0%           100%        5
 Metabolic Englaciation   Hex/Ice        0%           100%        5
 Yara's Violent Unravell  Hex/Tmut       0%           100%        5
 Freezing Cloud           Conj/Ice/Air   0%           100%        6
 Invisibility             Hex            0%           100%        6
 Ozocubu's Refrigeration  Ice            0%           100%        6
 Simulacrum               Ice/Necr       0%           100%        6


Dungeon Overview and Level Annotations

Branches:
Dungeon (12/15)            Temple (1/1) D:4            Lair (6/6) D:10
 Shoals (0/4) Lair:4       Spider (0/4) Lair:2        Slime (0/5) Lair:5
    Orc (1/2) D:9           IceCv (visited)

Altars:
Ashenzari
Cheibriados
Dithmenos
Elyvilon
Fedhas
Gozag
Hepliaklqana
Kikubaaqudgha
Makhleb
Nemelex Xobeh
Okawaru
Qazlal
Ru
Sif Muna
Trog
Uskayaw
Vehumet
Wu Jian
Xom
Yredelemnul
Zin
The Shining One
Jiyva

Portals:
Hell: Lair:6

Annotations:
D:10 2 transporters


Innate Abilities, Weirdness & Mutations

You are resistant to torment.
Your stone body is resilient. (AC +11)
You are immune to poison.
Your large and strong wings let you fly indefinitely.
You resist negative energy. (rN+)
You are resistant to electric shocks. (rElec)
You can survive without breathing.
You are immune to petrification.
You are immune to miasma.
Your body sometimes deteriorates upon taking damage.


Message History

You block the warg's attack. You block the orc's attack.
The orc sorcerer closely misses you. The orc sorcerer misses you.
The troll bites you but does no damage. You block the troll's attack.
The troll claws you but does no damage.
The orc sorcerer hits you but does no damage.
You block the warg's attack. You block the orange demon's attack.
You block the orc's attack. You block the orc sorcerer's attack.
The orc warlord roars a battlecry!
You block the orc sorcerer's attack. The troll bites you!
* * * LOW HITPOINT WARNING * * *
Your body deteriorates!
You feel weakened. The troll barely misses you.
The troll claws you but does no damage. The warg barely misses you.
The orc sorcerer hits you but does no damage.
The orange demon misses you. You block the orc sorcerer's attack.
You block the warg's attack.
The orc warlord hits you with a +2 war axe of flaming.
* * * LOW HITPOINT WARNING * * *
The orc warlord burns you.
You die...

*,,,,*,,,,,,,,,*,
##**....*,,,,,,,,,, ###
*#.##.$.##.,,,,,,,,, ##.#####
*.........#,,,,,,,,, *...##.##
###.........*,,,,,,,,
###.##...####...355.....,,,,,,,,,
.#...##...#....4#{44....,,,,,,,,,
..#..#.#......o#ooo5....,,,,,,,,,
............#.4o@To35...,,,,,,,,,
<......##(.)(.)hooo55...,,,,,,,,,
........##.##.##ooo5....,,,,,,,,,
....$#.############5....,,,,,,,,,
....#### *,.....,,,,,,,,, .....#*
*,,....,,,,,,,,, #.....#
**,,,...,,,,,,,,, .....##
*,,,,...,,,,,,,,, .....#
*********,,,,,,,,


You could see an orc warlord, an orange demon (summoned), a hellwing (summoned),
2 rust devils, a troll, a ynoxinul (summoned), a warg, 3 orc sorcerers, 2 orc
warriors, an orc priest (strong), 5 orcs and 8 ufetubi.

Vanquished Creatures
  A frost giant (IceCv)
  Nessos (Lair:5)
  Azrael (D:12)
  Harold (D:7)
  14 hydras
  A boulder beetle (D:11)
  3 two-headed ogres
  10 death yaks
  A sixfirhy (Lair:6)
  A wizard (Lair:6)
  An ugly thing (D:11)
  A deep elf mage (D:11)
  A wolf spider (Lair:2)
  2 cyclopes
  An orc sorcerer (Orc:1)
  3 oklob plants
  A manticore (D:11)
  5 black mambas
  14 elephants
  2 merfolk sirens
  Maurice (D:10)
  2 ice statues (IceCv)
  A smoke demon (Lair:6)
  Joseph (D:8)
  A torpor snail (Lair:6)
  A gargoyle (D:12)
  16 cane toads
  An orange demon (Lair:6)
  8 rime drakes
  Maggie (Lair:1)
  2 ice devils (Lair:6)
  11 komodo dragons
  2 merfolk (Lair:4)
  A troll (D:12)
  3 jumping spiders (Lair:2)
  3 red devils (Lair:6)
  Prince Ribbit (D:8)
  21 polar bears
  A queen bee (Lair:2)
  2 slime creatures
  7 blink frogs
  4 wyverns
  3 wraiths
  Sigmund (D:6)
  6 basilisks
  4 fire elementals (D:12)
  77 yaks
  Menkaure (D:5)
  A steam dragon (Lair:2)
  2 wargs
  Edmund (D:5)
  17 water moccasins
  2 hydra simulacra (Lair:3)
  7 hell hounds
  3 orc warriors
  A sky beast (D:5)
  4 ice beasts
  2 phantoms
  5 ogres
  8 black bears
  2 centaurs
  9 wolves
  5 big kobolds
  23 bullfrogs
  A wyvern skeleton (D:9)
  30 killer bees
  4 howler monkeys
  A rime drake simulacrum (Lair:3)
  A centaur zombie (D:11)
  9 orc wizards
  6 hounds
  14 jellies
  2 orc priests
  2 bullfrog skeletons
  4 centaur skeletons
  Crazy Yiuf (D:3)
  4 iguanas
  Jessica (D:3)
  12 worker ants
  A bullfrog simulacrum (Lair:3)
  A black bear simulacrum (Lair:3)
  Robin (D:2)
  A worker ant zombie (D:6)
  A howler monkey skeleton (D:10)
  9 adders
  A river rat (Lair:2)
  2 shadow imps
  2 white imps
  3 ufetubi
  4 oozes (D:6)
  2 adder skeletons
  4 worms
  A dart slug (D:1)
  7 leopard geckos
  39 orcs
  2 ball pythons
  4 giant cockroaches
  15 goblins
  11 hobgoblins
  3 jackals (D:3)
  A quokka (D:3)
  4 bats
  8 frilled lizards
  2 jackal skeletons
  A jackal zombie (D:5)
  18 kobolds
  A quokka skeleton (D:9)
  14 rats
595 creatures vanquished.

Vanquished Creatures (others)
  A hell hound (D:12)
  An orc (Orc:1)
  31 fungi
  52 plants
  4 toadstools (D:6)
89 creatures vanquished.

Grand Total: 684 creatures vanquished

Notes
Turn   | Place    | Note
-------+----------+-------------------------------------------
     0 | D:1      | HoaS the Gargoyle Fighter began the quest for the Orb.
     0 | D:1      | Reached XP level 1. HP: 14/14 MP: 1/1
   361 | D:1      | Reached XP level 2. HP: 15/19 MP: 2/2
   820 | D:2      | Reached skill level 3 in Maces & Flails
   875 | D:2      | Reached XP level 3. HP: 22/23 MP: 3/3
  1106 | D:2      | Found a shimmering altar of Xom.
  1144 | D:2      | Noticed Robin
  1556 | D:2      | Found a burning altar of Makhleb.
  1556 | D:2      | Noticed a cacodemon
  1601 | D:2      | Reached XP level 4. HP: 20/28 MP: 4/4
  1606 | D:2      | Killed Robin
  1666 | D:2      | Noticed a smoke demon
  1666 | D:2      | Noticed a smoke demon
  1668 | D:2      | Became a worshipper of Makhleb the Destroyer
  2198 | D:3      | Reached skill level 4 in Maces & Flails
  2284 | D:3      | Noticed Jessica
  2294 | D:3      | Killed Jessica
  2295 | D:3      | Reached XP level 5. HP: 27/32 MP: 5/5
  2727 | D:3      | Found a runed translucent door.
  2728 | D:3      | Noticed Crazy Yiuf
  2742 | D:3      | Killed Crazy Yiuf
  2881 | D:4      | Reached skill level 5 in Maces & Flails
  2901 | D:4      | Reached XP level 6. HP: 37/37 MP: 6/6
  2903 | D:4      | Reached skill level 5 in Shields
  2926 | D:4      | Found a staircase to the Ecumenical Temple.
  3028 | Temple   | Entered the Ecumenical Temple
  3314 | D:4      | Reached * piety under Makhleb
  3528 | D:5      | Entered Level 5 of the Dungeon
  3528 | D:5      | Noticed Menkaure
  3534 | D:5      | Killed Menkaure
  3535 | D:5      | Reached skill level 6 in Maces & Flails
  3535 | D:5      | Reached XP level 7. HP: 35/41 MP: 7/7
  3565 | D:5      | Noticed Edmund
  3596 | D:5      | Killed Edmund
  3963 | D:5      | Reached skill level 7 in Maces & Flails
  4284 | D:5      | Reached XP level 8. HP: 46/46 MP: 8/8
  4477 | D:5      | Found a white marble altar of Elyvilon.
  4478 | D:5      | Found a shadowy altar of Dithmenos.
  4482 | D:5      | Found an iron altar of Okawaru.
  4912 | D:6      | Reached skill level 8 in Maces & Flails
  5124 | D:6      | Noticed a slime creature
  5127 | D:6      | Reached skill level 9 in Maces & Flails
  5155 | D:6      | Killed a slime creature
  5155 | D:6      | Reached ** piety under Makhleb
  5156 | D:6      | Reached XP level 9. HP: 48/51 MP: 9/9
  5229 | D:6      | Noticed Sigmund
  5304 | D:6      | Killed Sigmund
  5305 | D:6      | Reached skill level 10 in Maces & Flails
  5630 | D:7      | Found a shadowy altar of Dithmenos.
  5641 | D:7      | Noticed Harold
  5661 | D:7      | Killed Harold
  5662 | D:7      | Reached skill level 11 in Maces & Flails
  5926 | D:7      | Found a sacrificial altar of Ru.
  6182 | D:8      | Reached XP level 10. HP: 52/56 MP: 10/10
  6226 | D:8      | Reached *** piety under Makhleb
  6249 | D:8      | Noticed Joseph
  6278 | D:8      | Killed Joseph
  6339 | D:8      | Noticed a two-headed ogre
  6357 | D:8      | Killed a two-headed ogre
  6358 | D:8      | Reached skill level 12 in Maces & Flails
  6394 | D:8      | Noticed Prince Ribbit
  6644 | D:8      | Reached skill level 10 in Shields
  7179 | D:9      | Found a staircase to the Orcish Mines.
  7765 | D:9      | Reached skill level 13 in Maces & Flails
  8045 | D:10     | Entered Level 10 of the Dungeon
  8112 | D:10     | Reached XP level 11. HP: 59/60 MP: 11/11
  8126 | D:10     | Reached **** piety under Makhleb
  8141 | D:10     | Found a staircase to the Lair.
  8562 | D:10     | Found a transporter.
  8571 | D:10     | Noticed a deep troll earth mage
  8585 | D:10     | Found a transporter.
  8609 | D:10     | Noticed Maurice
  8837 | Lair:1   | Entered Level 1 of the Lair of Beasts
  9063 | Lair:1   | Noticed an eight-headed hydra
  9084 | Lair:1   | Killed an eight-headed hydra
  9085 | Lair:1   | Reached skill level 14 in Maces & Flails
  9174 | Lair:1   | Got a crude morningstar
  9175 | Lair:1   | Identified the cursed +2 morningstar "Beetleslayer" {flame,
                  | Will++ Str+4 Int+4} (You found it on level 1 of the Lair of
                  | Beasts)
  9243 | Lair:1   | Noticed a four-headed hydra
  9255 | Lair:1   | Killed a four-headed hydra
  9331 | Lair:1   | Noticed Maggie
  9347 | Lair:1   | Killed Maggie
  9513 | Lair:1   | Got a warped ring mail
  9638 | Lair:1   | Reached XP level 12. HP: 60/64 MP: 12/12
 10026 | Lair:2   | Found a shadowy altar of Dithmenos.
 10069 | Lair:2   | Identified the +2 ring mail "Yrur" {Str+3 Stlth+} (You
                  | found it on level 1 of the Lair of Beasts)
 10166 | Lair:2   | Reached skill level 15 in Maces & Flails
 10312 | Lair:2   | Reached ***** piety under Makhleb
 10626 | Lair:2   | Reached skill level 16 in Maces & Flails
 10834 | Lair:2   | Found a hole to the Spider Nest.
 11047 | Lair:3   | Noticed an eight-headed hydra
 11054 | Lair:3   | Killed an eight-headed hydra
 11057 | Lair:3   | Found a transporter.
 11278 | Lair:3   | Noticed a six-headed hydra
 11278 | Lair:3   | Noticed an eight-headed hydra
 11281 | Lair:3   | Found a transporter.
 11296 | Lair:3   | Killed a six-headed hydra
 11300 | Lair:3   | Killed an eight-headed hydra
 11301 | Lair:3   | Reached XP level 13. HP: 68/68 MP: 13/13
 11837 | Lair:4   | Reached skill level 15 in Shields
 11852 | Lair:4   | Reached skill level 1 in Dodging
 11968 | Lair:3   | Reached skill level 5 in Fighting
 12180 | Lair:4   | Found a staircase to the Shoals.
 12665 | Lair:5   | Reached skill level 5 in Armour
 12699 | Lair:5   | Found a staircase to the Slime Pits.
 12707 | Lair:5   | Reached ****** piety under Makhleb
 13291 | Lair:6   | Entered Level 6 of the Lair of Beasts
 13424 | Lair:6   | Gained mutation: Your large and strong wings let you fly
                  | indefinitely. [Gargoyle growth]
 13424 | Lair:6   | Reached XP level 14. HP: 84/84 MP: 14/14
 13772 | Lair:6   | Noticed Nessos
 13817 | Lair:5   | HP: 1/86 [black mamba (7)]
 14070 | Lair:5   | Reached skill level 10 in Fighting
 14088 | Lair:5   | Killed Nessos
 14089 | Lair:5   | Reached skill level 5 in Dodging
 14226 | Lair:6   | Found a burning altar of Makhleb.
 14352 | Lair:6   | Found a gateway to Hell.
 14359 | Lair:6   | Identified the Collected Works on Bewitching Conjuration
 15497 | D:8      | Killed Prince Ribbit
 15724 | D:10     | Killed Maurice
 15815 | D:11     | Reached XP level 15. HP: 96/96 MP: 15/15
 15840 | D:11     | Found a flickering gateway to a bazaar.
 15846 | Bazaar   | Entered a bazaar
 15860 | Bazaar   | Found Tomoygyu's General Store.
 15875 | Bazaar   | Found Juithrac's Assorted Antiques.
 15890 | Bazaar   | Found Temem's Armour Emporium.
 15905 | Bazaar   | Found Oloafaduom's Distillery.
 15940 | Bazaar   | Bought a potion of curing for 48 gold pieces
 15940 | Bazaar   | Bought a potion of curing for 48 gold pieces
 15940 | Bazaar   | Bought a potion of curing for 48 gold pieces
 15940 | Bazaar   | Bought a potion of curing for 48 gold pieces
 15940 | Bazaar   | Bought a potion of might for 64 gold pieces
 15940 | Bazaar   | Bought a potion of heal wounds for 80 gold pieces
 15968 | Bazaar   | Bought a scroll of teleportation for 54 gold pieces
 15968 | Bazaar   | Bought a potion of curing for 54 gold pieces
 15968 | Bazaar   | Bought a scroll of identify for 36 gold pieces
 15968 | Bazaar   | Bought a scroll of identify for 36 gold pieces
 15986 | Bazaar   | Bought a scroll of teleportation for 36 gold pieces
 16140 | D:11     | Found a viscous altar of Jiyva.
 16988 | D:12     | Noticed Azrael
 17018 | D:12     | Killed Azrael
 17052 | D:12     | Found a frozen archway.
 17063 | IceCv    | Entered an ice cave
 17205 | IceCv    | Noticed a frost giant
 17233 | IceCv    | Killed a frost giant
 18078 | D:12     | Reached skill level 10 in Armour
 18458 | Orc:1    | Entered Level 1 of the Orcish Mines
 18508 | Orc:1    | Noticed an orc warlord
 18523 | Orc:1    | Gained mutation: Your body sometimes deteriorates upon
                  | taking damage. [a neqoxec]
 18572 | Orc:1    | HP: 1/99 [orc warlord/+2 war axe of flaming (4)]
 18572 | Orc:1    | Slain by an orc warlord

Illustrated notes

Levels and vault maps discovered:
D:1:      wander_arrival_chamber, layout_basic
D:2:      layout_basic, nicolae_overflow_hidden_temple, serial_bayou,
          serial_bayou_shore_b, serial_bayou_pond_a, serial_bayou_pond_b,
          serial_bayou_crossing, makhleb_altar_promises_db, uniq_robin
D:3:      layout_loops_ring, amethyst_killhole, uniq_jessica,
          uniq_crazy_yiuf_cottage
D:4:      layout_basic, temple_green
D:5:      layout_gridville, minitemple, uniq_edmund, uniq_menkaure
D:6:      cheibrodos_fertilizer, layout_rooms, uniq_sigmund
D:7:      layout_rooms, basic_altar, nicolae_dithmenos_the_darkroom, uniq_harold
D:8:      layout_basic, uniq_joseph, uniq_prince_ribbit1
D:9:      layout_loops_corners, david_orc_3, grunt_decor_arrowhead
D:10:     gammafunk_sealed_arena, layout_irregular_city,
          due_lair_maze_entry_diamond, uniq_maurice
D:11:     layout_basic, serial_shops, bzr_entry_safe, hex_medium, jiyva_altar_1
D:12:     layout_long_grid, portal_ice_cave_rime, minmay_misc_feat_columns,
          uniq_azrael
Temple:   dpeg_five_rooms_temple
Lair:1:   beast_lair_carwin_large_1, layout_chaotic_city, lemuel_fruit_fields,
          uniq_maggie
Lair:2:   regret_index_wax_grids, layout_small_grid,
          spider_nest_entry_funnel_web, basic_altar
Lair:3:   gammafunk_cloud_chamber, layout_hall_layers, minmay_lair_oklob_chamber
Lair:4:   layout_roguey, elwin_shoals_entry_stream, minmay_holes,
          grunt_forest_small_clearing_treed, grunt_megastairs_3
Lair:5:   layout_misc_corridors, slime_dummy
Lair:6:   evil_forest, layout_cave_pods, uniq_nessos
Orc:1:    layout_caves, enter_bailey_2, hangedman_minor_magic, uniq_snorg

Skill      XL: |  1  2  3  4  5  6  7  8  9 10 11 12 13 14 15 |
---------------+----------------------------------------------+-----
Maces & Flails | 3 4 5 6 7 9 11 13 14 16 | 16.0
Shields        | 4 5 6 7 9 10 12 14 15 | 15.1
Fighting       | 8 11 13 | 13.2
Dodging        | 3 6 7 |  7.1
Armour         | 6 8 10 | 10.0

Action                   |  1- 3 |  4- 6 |  7- 9 | 10-12 | 13-15 || total
-------------------------+-------+-------+-------+-------+-------++-------
Melee: Flail             |   178 |   218 |   382 |   664 |       ||  1442
       Morningstar       |       |       |       |   326 |  1287 ||  1613
 Abil: Fly               |       |       |       |       |     1 ||     1
Evoke: Wand              |       |       |       |       |     2 ||     2
  Use: Scroll            |     4 |     4 |    11 |    12 |    12 ||    43
       Potion            |       |     1 |     1 |     4 |     5 ||    11
 Stab: Sleeping          |       |       |       |     1 |       ||     1
Armor: Scale mail        |    90 |   118 |    56 |       |       ||   264
       Chain mail        |       |       |   115 |   302 |       ||   417
       Acid dragon scale |       |       |       |   135 |   488 ||   623
Dodge: Dodged            |    61 |   103 |   125 |   344 |   857 ||  1490
Block: Kite shield       |   101 |   121 |   194 |   605 |   983 ||  2004
       Tower shield      |       |       |       |       |   224 ||   224

Table legend: (Time is in decaauts)
 A = Elapsed time spent in this place.
 B = Non-inter-level travel time spent in this place.
 C = Inter-level travel time spent in this place.
 D = Time resting spent in this place.
 E = Time spent auto-exploring this place.
 F = Levels seen in this place.
 G = Mean time per level.
                   A        B        C        D        E       F      G
               +--------+--------+--------+--------+--------+-----+--------+
         Total |  18081 |  16507 |   1574 |   1287 |  10358 |  22 |  821.9 |
       Dungeon |  10699 |   9543 |   1156 |    535 |   6398 |  12 |  891.6 |
        Temple |    244 |    190 |     54 |      0 |    188 |   1 |  244.0 |
          Lair |   6229 |   5872 |    357 |    723 |   3407 |   6 | 1038.2 |
  Orcish Mines |    104 |     98 |      6 |      0 |      0 |   1 |  104.0 |
        Bazaar |    192 |    192 |      0 |      0 |     75 |   1 |  192.0 |
      Ice Cave |    610 |    610 |      0 |     29 |    290 |   1 |  610.0 |
               +--------+--------+--------+--------+--------+-----+--------+

Top non-repeatable levels by time:
     D:5: 1315 daAuts
  Lair:6: 1268 daAuts
     D:2: 1259 daAuts
  Lair:5: 1138 daAuts
  Lair:2: 1092 daAuts
  Lair:3: 1047 daAuts
  Lair:1: 1005 daAuts
     D:9: 1004 daAuts
    D:11: 989 daAuts
    D:10: 979 daAuts
     D:8: 950 daAuts
     D:1: 844 daAuts
     D:3: 795 daAuts
    D:12: 746 daAuts
  Lair:4: 677 daAuts
